 Dungeon Crawl Stone Soup version 0.19-a0-990-gf36c7f1 (webtiles) character file.

1743 rageheart7 the Cruncher (level 8, -7/62 HPs)
             Began as a Demonspawn Gladiator on July 14, 2016.
             Was an Initiate of Qazlal.
             Mangled by Implojin's ghost (21 damage)
             ... on level 7 of the Dungeon.
             The game lasted 00:10:45 (5830 turns).

rageheart7 the Cruncher (Demonspawn Gladiator)      Turns: 5830, Time: 00:10:46

Health: -7/62      AC: 13    Str: 17    XL:     8   Next: 77%
Magic:  8/8        EV: 15    Int:  9    God:    Qazlal [......]
Gold:   265        SH:  0    Dex: 20    Spells: 0 memorised, 7 levels left

rFire  . . .     SeeInvis .     s - +3 quarterstaff (chaos)
rCold  + . .     Gourm    .     y - +3 scale mail {rC+}
rNeg   . . .     Faith    .     (shield currently unavailable)
rPois  .         Spirit   .     (helmet restricted)
rElec  .         Dismiss  .     j - +0 cloak
rCorr  .         Reflect  .     (no gloves)
SustAt .         Harm     .     (no boots)
MR     .....                    (no amulet)
Stlth  +.........               (no ring)
                                (no ring)

@: agile, not resistant to hostile enchantments, very unstealthy
A: horns 1, icy blue scales 2, powered by death 1, spiny 1
a: Renounce Religion


You were on level 7 of the Dungeon.
You worshipped Qazlal.
Qazlal was noncommittal.
You were hungry.

You visited 2 branches of the dungeon, and saw 8 of its levels.

You collected 265 gold pieces.

Inventory:

Hand Weapons
 s - a +3 quarterstaff of chaos (weapon)
Missiles
 c - 6 tomahawks
 d - 4 throwing nets (quivered)
 z - 2 poisoned tomahawks
Armour
 j - a +0 cloak (worn)
 y - a +3 scale mail of cold resistance (worn)
Wands
 a - a wand of lightning (3/15)
 x - a wand of slowing (39/48)
Scrolls
 e - 3 scrolls of remove curse
 o - a scroll of enchant armour
 u - a scroll of teleportation
Potions
 b - a potion of resistance
 h - 6 potions of brilliance
 l - a potion of magic
 p - 2 potions of agility
 q - a potion of degeneration {unknown}
 r - a potion of flight {unknown}
 v - 6 potions of curing {unknown}
Books
 C - a book of Misfortune

   Spells                             Type                      Level
   a - Confusing Touch                Hexes                        1
   b - Confuse                        Hexes                        3
   c - Gell's Gravitas                Hexes/Translocation          3
   d - Petrify                        Transmutation/Earth          4
   e - Metabolic Englaciation         Hexes/Ice                    5
   f - Yara's Violent Unravelling     Hexes/Transmutation          5
Comestibles
 f - 5 bread rations
 g - a slice of pizza
 i - 2 meat rations
 k - 3 fruits
 n - a royal jelly
 t - a beef jerky


   Skills:
 + Level 5.3 Fighting
 * Level 9.7 Staves
 - Level 1.7 Throwing
 - Level 2.6 Dodging


You had 7 spell levels left.
You didn't know any spells.

Dungeon Overview and Level Annotations

Branches:
Dungeon (7/15)             Temple (1/1) D:5

Altars:
Ashenzari
Cheibriados
Dithmenos
Elyvilon
Fedhas
Hepliaklqana
Kikubaaqudgha
Makhleb
Nemelex Xobeh
Okawaru
Pakellas
Qazlal
Ru
Sif Muna
Trog
Uskayaw
Vehumet
Xom
Yredelemnul
Zin
The Shining One

Shops:
D:6 =*

Annotations:
D:7 Implojin's ghost, novice TrFi


Innate Abilities, Weirdness & Mutations

You have a pair of small horns on your head.
You are mostly covered in icy blue scales. (AC +3, EV -1)
You regenerate a little health from kills.
You are partially covered in sharp spines.


Message History

You feel much better.
You are feeling hungry.
Implojin's ghost is struck by your spines.
Implojin's ghost hits you!!
Implojin's ghost is struck by your spines.
Implojin's ghost hits you!!
You completely miss Implojin's ghost.
Implojin's ghost is severely damaged.
Implojin's ghost is struck by your spines.
Implojin's ghost hits you.
* * * LOW HITPOINT WARNING * * *
You hit Implojin's ghost. You freeze Implojin's ghost.
Your headbutt misses Implojin's ghost.
Implojin's ghost is severely damaged.
Implojin's ghost is struck by your spines.
Implojin's ghost closely misses you.
You closely miss Implojin's ghost.
Implojin's ghost is severely damaged.
Implojin's ghost hits you!!
You die...

.......+
#....########
#....<.......
#....########
#....####
#...))..#
#...)##.######.#
#....#.........#
##+#.W@...####.#
#......#
#......+
#......#
#........
#......##.
#......# #
#......#
########


You could see Implojin's ghost.

Vanquished Creatures
  The ghost of Implojin the Ruffian, an amateur TrFi (D:5)
  Sigmund (D:4)
  Edmund (D:6)
  A necrophage (D:6)
  A centaur (D:6)
  Blork the orc (D:6)
  A giant frog (D:6)
  A vampire bat (D:4)
  2 howler monkeys (D:6)
  3 crimson imps
  A giant frog zombie (D:6)
  2 hounds
  An orc priest (D:3)
  Crazy Yiuf (D:4)
  A centaur skeleton (D:5)
  3 orc wizards
  An iguana (D:6)
  Natasha (thrice) (D:4)
  4 worker ants
  A hound skeleton (D:6)
  6 adders
  4 oozes
  An adder zombie (D:4)
  3 worms
  4 dart slugs
  3 fire bats (D:4)
  4 giant geckos
  7 orcs
  2 spectral bats (D:4)
  15 bats
  3 bat skeletons (D:4)
  A bat zombie (D:4)
  5 giant cockroaches
  5 goblins
  8 hobgoblins
  10 jackals
  6 quokkas
  A ball python (D:6)
  A bat simulacrum (D:4)
  A giant cockroach zombie (D:6)
  7 giant newts
  3 kobolds (D:2)
  4 rats
  A spectral orc (D:6)
  2 plants (D:1)
138 creatures vanquished.

Notes
Turn   | Place    | Note
-------+----------+-------------------------------------------
     0 | D:1      | rageheart7 the Demonspawn Gladiator began the quest for the Orb.
     0 | D:1      | Reached XP level 1. HP: 16/16 MP: 1/1
   142 | D:1      | Reached skill level 3 in Staves
   348 | D:1      | Gained mutation: You regenerate a little health from kills. [demonic ancestry]
   348 | D:1      | Reached XP level 2. HP: 21/22 MP: 2/2
   753 | D:1      | Gained mutation: You have a pair of small horns on your head. [demonic ancestry]
   753 | D:1      | Reached XP level 3. HP: 27/27 MP: 3/3
  1278 | D:2      | Reached skill level 4 in Staves
  1978 | D:3      | Gained mutation: You are partially covered in icy blue scales. (AC +1) [demonic ancestry]
  1978 | D:3      | Reached XP level 4. HP: 33/34 MP: 4/4
  2143 | D:3      | Reached XP level 5. HP: 31/40 MP: 5/5
  2429 | D:3      | Reached skill level 5 in Staves
  2694 | D:4      | Noticed Natasha
  2709 | D:4      | Killed Natasha
  3093 | D:4      | Noticed Natasha
  3098 | D:4      | Killed Natasha
  3098 | D:4      | Gained mutation: You are mostly covered in icy blue scales. (AC +3, EV -1) [demonic ancestry]
  3098 | D:4      | Reached XP level 6. HP: 41/47 MP: 6/6
  3138 | D:4      | Noticed Natasha
  3147 | D:4      | Killed Natasha
  3147 | D:4      | Reached skill level 6 in Staves
  3460 | D:4      | Noticed Sigmund
  3472 | D:4      | Killed Sigmund
  3472 | D:4      | Gained mutation: You are partially covered in sharp spines. [demonic ancestry]
  3472 | D:4      | Reached XP level 7. HP: 52/52 MP: 7/7
  3625 | D:4      | Reached skill level 7 in Staves
  3769 | D:4      | Found a runed door.
  3874 | D:4      | Noticed Crazy Yiuf
  3878 | D:4      | Killed Crazy Yiuf
  3928 | D:5      | Entered Level 5 of the Dungeon
  3931 | D:5      | Noticed Implojin's ghost (amateur TrFi)
  3950 | D:5      | Killed Implojin's ghost
  3950 | D:5      | Reached skill level 8 in Staves
  3958 | D:5      | Found a staircase to the Ecumenical Temple.
  4100 | Temple   | Entered the Ecumenical Temple
  4239 | Temple   | Became a worshipper of Qazlal Stormbringer
  4402 | D:5      | Reached XP level 8. HP: 60/60 MP: 8/8
  4902 | D:6      | Noticed Blork the orc
  4908 | D:6      | Killed Blork the orc
  5055 | D:6      | Found a basalt altar of Yredelemnul.
  5170 | D:6      | Reached skill level 9 in Staves
  5186 | D:6      | Found Qurr's Jewellery Shoppe.
  5313 | D:6      | Found a radiant altar of Vehumet.
  5319 | D:6      | Found a burning altar of Makhleb.
  5321 | D:6      | Found a blossoming altar of Fedhas.
  5345 | D:6      | Found Raebbyps's Serpentskin Sales.
  5476 | D:6      | Reached skill level 5 in Fighting
  5525 | D:6      | Found a sacrificial altar of Ru.
  5532 | D:6      | Noticed Edmund
  5542 | D:6      | Killed Edmund
  5816 | D:7      | Noticed Implojin's ghost (novice TrFi)
  5830 | D:7      | Mangled by Implojin's ghost

Vault maps used:
D:1:      lemuel_arrival_broad_hall, serial_forest,
          infiniplex_forest_straight_4, infiniplex_forest_straight_2,
          infiniplex_forest_pool, infiniplex_forest_corner_1,
          infiniplex_forest_clump_tiny, infiniplex_forest_clump_large,
          infiniplex_forest_clump_diagonal, infiniplex_forest_clump_small,
          infiniplex_forest_straight_2, columned_hall_lemuel
D:2:      serial_corexii_hall, corexii_hall_statues_l, corexii_hall_statues_s,
          corexii_hall_statues_l, corexii_hall_statues_i,
          corexii_hall_statues_x, corexii_hall_statues_i, first_bread,
          grunt_ministairs_4
D:3:      kennysheep_generic_room_9
D:4:      goddamned_bats, uniq_natasha, uniq_sigmund, uniq_crazy_yiuf_cottage
D:6:      grunt_temple_overflow_open, yredelemnul_forgotten_temple_becter,
          old_standard_altar, serial_shops, nicolae_shop_behind_doors,
          guppyfry_shop_venom, uniq_edmund, uniq_blork_the_orc
Temple:   eino_temple_rhombus

Skill      XL: |  1  2  3  4  5  6  7  8 |
---------------+-------------------------+-----
Staves         | 3 4 5 6 8 9 |  9.7
Fighting       | 3 4 5 |  5.3
Throwing       | |  1.7
Dodging        | |  2.6

Action                   |  1- 3 |  4- 6 |  7- 9 || total
-------------------------+-------+-------+-------++-------
Melee: Quarterstaff      |   159 |   108 |   131 ||   398
       Headbutt          |    21 |    11 |    17 ||    49
  Use: Scroll            |       |    12 |     7 ||    19
       Potion            |       |     2 |     3 ||     5
 Stab: Sleeping          |     2 |       |       ||     2
       Confused          |       |       |     1 ||     1
  Eat: Chunk             |     4 |     4 |     8 ||    16
Armor: Leather armour    |    23 |       |       ||    23
       Ring mail         |     8 |    44 |    56 ||   108
       Scale mail        |       |       |     2 ||     2
Dodge: Dodged            |    60 |    52 |    54 ||   166
